Cogmind - Beta 13 @@@ ROGUE MODE // 2024.05.02 @ 07:59:09 Player: Millea Result: Destroyed by G-73 Enforcer with Phase Gun Performance ------------- Evolutions (8) 4000 Regions Visited (23) 4600 Robots Destroyed (177) 885 Value Destroyed (9101) 9101 Prototype IDs (55) 1100 Alien Tech Used (0) 0 Bonus (5042) 5042 TOTAL SCORE: 24728 Bonus ------- High Alert Combat Kills 980 Follower Combat Kills 1625 Entered Garrisons 400 Used RIF Installer 1000 Entered DSFs 500 Network Hubs Disabled 400 Aligned with FarCom 300 Built Enhanced Grunts 300 Met R17 at Cetus 500 Friendly Fire -963 Cogmind --------- Core Integrity 0/1450 Matter 185/300 Energy 100/100 System Corruption 9% Temperature Cool (9) Movement Treading (160) Location -2/Research Parts ------- > --- POWER (2) -------- (None) > --- PROPULSION (9) --- Enhanced Armored Heavy Treads Enhanced Armored Heavy Treads Enhanced Armored Heavy Treads Enhanced Armored Heavy Treads Improved Gyrokinetic Inverter > --- UTILITY (10) ----- (None) > --- WEAPON (2) ------- (None) > --- INVENTORY (5) ---- Cooled Q-thruster YI-UF0's Bottomless Matter Pit (1500) Enhanced Quantum Rifle Enhanced Flamer Peak State ------------ > --- POWER ------------ Quantum Reactor Quantum Reactor > --- PROPULSION ------- Armored Medium Treads Centrium Heavy Treads Centrium Heavy Treads Cooled VTOL Module Cooled VTOL Module Nuclear Pulse Array > --- UTILITY ---------- Large Storage Unit Advanced Salvage Targeting Computer Centrium Medium Armor Plating Remote Force Field > --- WEAPON ----------- Advanced Variable Charge Gun Advanced KE Penetrator > --- INVENTORY -------- Neutrino Core YI-UF0's Bottomless Matter Pit Stasis Canceller Improved Weapon Shielding Centrium Medium Armor Plating Centrium Medium Armor Plating Centrium Medium Armor Plating Improved System Shield Relay Coupler [NC] Advanced Variable Charge Gun Advanced Variable Charge Gun Advanced KE Penetrator Advanced KE Penetrator Advanced KE Penetrator Remote Datajack [Rating: 130] Favorites ----------- Power Quantum Reactor Engine Light Ion Engine Power Core Nuclear Core Reactor Quantum Reactor Propulsion Cooled VTOL Module Treads Medium Treads Leg Myomer Leg Wheel Wheel Hover Unit Makeshift Hover Unit Flight Unit Cooled VTOL Module Utility Large Storage Unit Device Advanced Heat Sink Storage Large Storage Unit Processor Advanced Salvage Targeting Computer Hackware Hacking Suite Protection Centrium Medium Armor Plating Weapon Advanced KE Penetrator Energy Gun Advanced Variable Charge Gun Energy Cannon Light EM Pulse Cannon Ballistic Gun Advanced KE Penetrator Ballistic Cannon Hardcell Cannon Launcher Mini Grenade Launcher Special Weapon Remote Datajack Impact Weapon Great Maul Slashing Weapon Power Sword Special Melee Weapon Improved Datajack Build | -11 -10 -10 -10 -9 -8 -8 -8 -8 -7 -6 -6 -6 -5 -5 -5 -5 -5 -4 -4 -4 -3 -3 -2 ------- Run | Yrd Mat Min Exi Min Mat Gar Mat Gar Fac Fac Was Fac Fac Ext Cet Arc Hub Fac Upp Upp Res DSF Res Slots Evolved 16 | . . . . . 4 . . . 2 2 . . 2 . . . . 2 . . 2 . 2 Power 1 | . . . . . . . . . . 1 . . . . . . . . . . . . . Propulsion 7 | . . . . . 2 . . . 2 1 . . 2 . . . . . . . . . . Utility 8 | . . . . . 2 . . . . . . . . . . . . 2 . . 2 . 2 Weapon . | . . . . . . . . . . . . . . . . . . . . . . . . Parts Attached 306 | 4 3 2 1 . 9 11 6 9 45 2 1 8 8 51 10 14 35 29 24 13 1 11 9 Power 39 | 1 . . . . 3 . . . 3 . 1 2 3 9 3 . 5 3 1 . . 5 . Engine 12 | 1 . . . . 2 . . . 1 . . . 1 4 . . 2 1 . . . . . Core 12 | . . . . . 1 . . . 2 . . 1 2 5 . . . . . . . 1 . Reactor 15 | . . . . . . . . . . . 1 1 . . 3 . 3 2 1 . . 4 . Propulsion 87 | 2 . . . . 1 . . . 19 1 . 4 2 11 3 4 12 9 4 2 1 5 7 Treads 26 | 2 . . . . . . . . . . . . . 8 2 4 5 1 . . . . 4 Leg 10 | . . . . . . . . . . . . . . . . . 5 3 2 . . . . Wheel 8 | . . . . . . . . . . . . . . . . . 2 5 1 . . . . Hover 5 | . . . . . . . . . . . . . . 1 . . . . 1 . 1 . 2 Flight 38 | . . . . . 1 . . . 19 1 . 4 2 2 1 . . . . 2 . 5 1 Utility 93 | 1 1 2 . . 2 . 5 4 17 1 . 2 2 13 1 5 11 11 10 4 . . 1 Device 34 | . . 1 . . . . 2 . 6 1 . 1 . 9 . 4 1 4 3 1 . . 1 Storage 8 | 1 1 1 . . . . . . 2 . . . 1 . . . . . 1 1 . . . Processor 7 | . . . . . . . . . 1 . . 1 1 1 . . . 2 . 1 . . . Hackware 17 | . . . . . 1 . 3 3 6 . . . . . . . 3 1 . . . . . Protection 27 | . . . . . 1 . . 1 2 . . . . 3 1 1 7 4 6 1 . . . Artifact . | . . . . . . . . . . . . . . . . . . . . . . . . Weapon 87 | . 2 . 1 . 3 11 1 5 6 . . . 1 18 3 5 7 6 9 7 . 1 1 Energy Gun 19 | . 1 . 1 . 1 4 . 2 3 . . . . 1 1 1 . 1 1 1 . 1 . Energy Cannon 4 | . . . . . . 2 . . . . . . . . . . . 1 . 1 . . . Ballistic Gun 29 | . 1 . . . 2 2 . . . . . . . 8 2 3 5 4 1 1 . . . Ballistic Cannon 11 | . . . . . . 1 . . . . . . . 4 . . . . 5 1 . . . Launcher 8 | . . . . . . 2 . 1 . . . . . . . . 1 . 1 2 . . 1 Special Weapon 6 | . . . . . . . . . 1 . . . . 2 . 1 1 . 1 . . . . Impact Weapon 3 | . . . . . . . . . . . . . 1 2 . . . . . . . . . Slashing Weapon 1 | . . . . . . . . . . . . . . . . . . . . 1 . . . Piercing Weapon . | . . . . . . . . . . . . . . . . . . . . . . . . Special Melee Weapon 6 | . . . . . . . 1 2 2 . . . . 1 . . . . . . . . . Unidentified Prototypes 12 | . . 1 . . . . . . 1 . . . 1 . 4 . 2 1 . . . . 2 Corrupted Parts 12 | . . . . . . . . . . . . . . . 5 . 6 1 . . . . . System Corruption 54 | . . . . . . . . . . . . . . . 14 . 36 4 . . . . . Parts Lost 95 | . . . . . . . . . 8 . . 1 . 14 1 1 12 13 22 9 . 5 9 Power 18 | . . . . . . . . . 3 . . 1 . 4 . . 2 2 2 1 . 1 2 Propulsion 43 | . . . . . . . . . 2 . . . . 7 1 . 8 5 9 3 . 3 5 Utility 21 | . . . . . . . . . 2 . . . . 2 . 1 1 3 8 3 . 1 . Weapon 13 | . . . . . . . . . 1 . . . . 1 . . 1 3 3 2 . . 2 Highest Loss Streak 14 | . . . . . . . . . 4 . . 1 . 7 1 1 4 13 14 8 . 5 8 To Critical Strikes 3 | . . . . . . . . . . . . . . 1 . . . 2 . . . . . Average Slot Usage (%) 72 | . 75 100 97 85 59 66 71 68 78 86 88 87 96 88 88 79 76 85 39 39 21 34 22 Engine 2 | . 14 14 14 14 6 . . . . . . . . 3 . . 1 . . . . . . Core 2 | . . . . . 2 9 9 9 5 6 6 6 3 4 5 . . . . . . . . Reactor 3 | . . . . . . . . . . . 2 3 5 . 5 11 8 9 3 1 . 4 2 Treads 10 | . 28 28 28 28 . . . . . . . . . 8 14 23 28 2 1 . . . 8 Leg 2 | . . . . . . . . . . . . . . . . . 4 19 4 1 . . . Wheel 1 | . . . . . . . . . . . . . . . . . . 16 2 1 . . . Flight 11 | . . . . . 8 9 9 9 28 46 46 43 51 34 25 12 . . . . 9 19 5 Device 4 | . . 10 14 14 9 9 1 . . 6 6 6 7 3 5 3 4 9 2 3 4 1 . Storage 6 | . 18 17 14 14 9 9 9 9 6 6 6 6 5 5 5 5 5 5 5 5 . . . Processor 2 | . . . . . . . . . 1 6 6 6 8 7 5 4 . 2 1 1 . . . Hackware 3 | . . . . . 3 9 15 24 18 6 6 5 . . . . . 2 1 . . . . Protection 4 | . . . . . 8 9 9 3 . . . . . 3 5 4 7 6 3 6 . . . Energy Gun 3 | . 7 14 14 14 9 4 . 3 6 . . . . . . 3 . 3 2 2 . 1 1 Ballistic Gun 4 | . 7 14 11 . 3 . . . . . . . . 4 9 4 10 6 1 . . . . Special Melee Weapon 1 | . . . . . . . 7 5 3 6 6 6 5 1 . . . . . . . . . Naked Turns 34 | . . . . . . . . . . . . . . . . . . . . 34 . . . Heaviest Build 99 | 8 31 31 32 32 41 43 41 39 59 13 29 32 49 68 86 88 94 99 70 56 4 45 45 Greatest Support 299 | 40 40 40 40 40 50 50 50 50 64 39 39 44 53 116 187 299 299 75 75 12 10 65 50 Greatest Overweight (x) 17 | 2 . . . . . . . . 10 . . . . 3 2 . 4 2 17 5 . . . Average Overweight (x) . | . . . . . . . . . . . . . . . . . . . 3 2 . . . Largest Inventory Capacity 35 | 8 15 15 15 15 15 15 15 15 20 8 8 8 15 15 15 15 15 15 15 35 5 5 5 Average Capacity 14 | 7 9 15 15 15 15 15 15 15 16 8 8 8 14 15 15 15 15 15 15 14 5 5 5 Most Carried 20 | 8 8 8 15 14 15 15 15 15 20 7 8 8 12 15 15 15 15 15 15 15 5 5 5 Average Carried 13 | 6 5 5 10 13 13 14 14 14 15 6 7 7 8 14 14 14 14 13 14 13 5 4 4 Final Capacity 15 | 8 15 15 15 15 15 15 15 15 8 8 8 8 15 15 15 15 15 15 15 5 5 5 5 Final Carried 15 | 8 4 8 13 14 15 15 13 15 7 7 8 8 12 15 15 15 15 15 14 5 5 5 4 Class Distribution -------------------- 38% | Scavenger-Mutant 34% | Mutant 13% | Bothacker-Mutant 8% | Sprinter Dominant Class ---------------- Mutant | -10/Materials Mutant | -10/Mines Mutant | -10/Exiles Mutant | -9/Mines Mutant | -8/Materials Mutant | -8/Garrison Bothacker-Mutant | -8/Materials Bothacker-Mutant | -8/Garrison Bothacker-Mutant | -7/Factory Sprinter | -6/Factory Sprinter | -6/Waste Sprinter | -6/Factory Sprinter | -5/Factory Scavenger-Mutant | -5/Extension Scavenger-Mutant | -5/Cetus Scavenger-Mutant | -5/Archives Scavenger-Mutant | -5/Hub_04(d) Scavenger-Mutant | -4/Factory Mutant | -4/Upper Caves Mutant | -4/Upper Caves Mutant | -3/Research Sprinter | -3/DSF Mutant | -2/Research Resources | -11 -10 -10 -10 -9 -8 -8 -8 -8 -7 -6 -6 -6 -5 -5 -5 -5 -5 -4 -4 -4 -3 -3 -2 ----------- Run | Yrd Mat Min Exi Min Mat Gar Mat Gar Fac Fac Was Fac Fac Ext Cet Arc Hub Fac Upp Upp Res DSF Res Matter Collected 8924 | 239 . 154 . 19 119 588 139 153 505 . . 10 19 2290 280 336 1662 635 1338 286 . 18 134 Remotely 53 | . . . . . . . . . . . . . . . . . . . . 35 . 18 . Salvage Created 8297 | . . 128 . . 140 609 333 152 261 . . . 19 797 274 735 2268 987 1036 304 . . 254 Parts 397 | . . 7 . . 6 38 13 14 23 . . . . 16 16 48 119 47 16 14 . . 20 Haulers Intercepted 3 | . . . . . . . 1 . . . . . . . . . . 1 . . . . 1 Recyclers Shooed 1 | . . 1 . . . . . . . . . . . . . . . . . . . . . Parts Field Recycled . | . . . . . . . . . . . . . . . . . . . . . . . . Retrieved Matter . | . . . . . . . . . . . . . . . . . . . . . . . . Parts Self-Destructed 23 | . . . . . . . . . . . . . . . . . . . 14 9 . . . Prevented 2 | . . . . . . . . . . . . . . . . . . . . 2 . . . Kills | -11 -10 -10 -10 -9 -8 -8 -8 -8 -7 -6 -6 -6 -5 -5 -5 -5 -5 -4 -4 -4 -3 -3 -2 ------- Run | Yrd Mat Min Exi Min Mat Gar Mat Gar Fac Fac Was Fac Fac Ext Cet Arc Hub Fac Upp Upp Res DSF Res Combat Hostiles Destroyed 144 | . . 3 . . 1 21 5 12 4 . . . . 11 3 4 36 14 15 8 . . 7 Melee 5 | . . . . . . . . . . . . . . 3 . . . . . . . . 2 Guns 80 | . . 3 . . 1 7 . 2 4 . . . . 4 3 4 34 12 4 2 . . . Cannons 21 | . . . . . . 3 1 . . . . . . 3 . . . 1 11 2 . . . AOE 34 | . . . . . . 11 2 10 . . . . . . . . 2 1 . 3 . . 5 Classes Destroyed 18 | . . 1 . . 3 2 3 . 4 . . . . . . . 2 1 2 . . . . Worker 2 | . . . . . . . . . . . . . . . . . 1 1 . . . . . Builder 5 | . . . . . . . 1 . 2 . . . . . . . . 2 . . . . . Tunneler 1 | . . . . . . . . . . . . . . . . . . 1 . . . . . Hauler 3 | . . . . . . . 1 . . . . . . . . . . 1 . . . . 1 Recycler 3 | . . . . . 1 . . . 1 . . . . 1 . . . . . . . . . Operator 12 | . . . . . 1 . . . . . . . . 1 . 9 1 . . . . . . Watcher 6 | . . . . . . . . . 1 . . . 1 . 1 . 3 . . . . . . Swarmer 46 | . . 3 . . . 9 . 10 . . . . . 1 . . 3 4 6 5 . . 5 Cutter 2 | . . . . . . . . . 2 . . . . . . . . . . . . . . Saboteur 1 | . . . . . . . . . . . . . . . . . 1 . . . . . . Grunt 40 | . . . . . . 5 3 2 . . . . . 7 . . 14 2 7 . . . . Brawler 1 | . . . . . . . . . . . . . . . . . . . 1 . . . . Duelist 3 | . . . . . . 2 . . . . . . . . . . 1 . . . . . . Sentry 22 | . . . . . 1 5 1 . . . . . . 3 . 4 4 2 1 1 . . . Specialist 1 | . . . . . . . . . 1 . . . . . . . . . . . . . . Hunter 13 | . . . . . . . 1 . . . . . . . . . 8 4 . . . . . Programmer 12 | . . . . . . . . . 1 . . . . . . . 5 2 . 2 . . 2 Cetus Guard 3 | . . . . . . . . . . . . . . . 3 . . . . . . . . Decomposer 3 | . . . . . . . . . . . . . . . . . . . 1 2 . . . Packrat 2 | . . . . . . . . . . . . . . . . . . . 2 . . . . Samaritan 1 | . . . . . . . . . . . . . . . . . . . 1 . . . . Best Kill Streak 9 | . . 3 . . 3 6 3 4 3 . . . 1 4 4 3 6 9 5 5 . . 5 Combat Bots Only 6 | . . 3 . . 1 6 3 4 1 . . . . 4 3 1 6 6 5 5 . . 5 Max Kills in Single Turn 5 | . . 1 . . 1 4 1 3 1 . . . 1 2 1 1 2 1 1 3 . . 5 Gunslinging 1 | . . . . . . . . . . . . . . . . . 1 . . . . . . Exploded 5 | . . . . . . 4 1 3 . . . . . . . . 1 1 . 3 . . 5 Melee 1 | . . . . . . . . . . . . . . 1 . . . . . . . . 1 Uniques/NPCs Destroyed 1 | . . 1 . . . . . . . . . . . . . . . . . . . . . YI-UF0 (-10/Mines) Combat | -11 -10 -10 -10 -9 -8 -8 -8 -8 -7 -6 -6 -6 -5 -5 -5 -5 -5 -4 -4 -4 -3 -3 -2 -------- Run | Yrd Mat Min Exi Min Mat Gar Mat Gar Fac Fac Was Fac Fac Ext Cet Arc Hub Fac Upp Upp Res DSF Res Hostile Shots Fired 1824 | . . 20 30 . 2 27 20 35 184 . . 44 . 104 29 21 274 306 204 78 . 40 406 Missed 608 | . . 3 11 . 1 14 6 12 87 . . 23 . 32 11 5 48 94 39 29 . 23 170 Damage Taken 24426 | . . 138 285 . 15 184 226 379 1688 . . 359 . 1683 261 280 4454 4093 3322 955 . 634 5470 Core 3759 | . . 23 119 . . 45 16 28 394 . . 93 . 285 29 . 258 237 436 156 . 183 1457 Absorbed by Shields 459 | . . . . . . 14 . . . . . 21 . 23 257 144 . . . . . . . Reduced by Siege Mode 354 | . . . . . . . . . . . . . . . . 16 208 8 122 . . . . Redirected to Shielding 5 | . . . . . . . . . . . . . . . 5 . . . . . . . . Ignored by Resistances 40 | . . . . . . . . . . . . . . . . . . . . 40 . . . Regen/Repaired (Parts) 92 | . . . . . . . . . . . . 92 . . . . . . . . . . . Core Remaining (%) 64 | 100 . . . 43 . . . 83 43 . . 89 . . . . 42 . . 27 . 85 . Volleys Fired 615 | . . 15 . . 3 28 26 10 62 . . . . 52 21 79 137 58 83 39 . 1 1 Largest 2 | . . 2 . . 2 1 1 1 1 . . . . 2 2 2 2 2 2 2 . 1 1 Hottest 273 | . . 60 . . 60 56 56 65 80 . . . . 114 70 115 70 273 141 204 . 65 20 Shots Fired 956 | . . 28 . . 8 49 26 21 62 . . . . 67 41 99 259 113 132 49 . 1 1 Gun 752 | . . 28 . . 8 30 . 12 42 . . . . 26 41 97 252 111 76 28 . 1 . Cannon 141 | . . . . . . 13 26 1 . . . . . 28 . . . 2 56 15 . . . Launcher 22 | . . . . . . 6 . 8 . . . . . . . . 3 . . 4 . . 1 Special 41 | . . . . . . . . . 20 . . . . 13 . 2 4 . . 2 . . . Kinetic 612 | . . 15 . . 3 11 . . . . . . . 54 41 40 252 83 88 25 . . . Thermal 245 | . . 13 . . 5 21 . 12 42 . . . . . . 57 . 30 44 20 . 1 . Explosive 15 | . . . . . . 6 . 8 . . . . . . . . . . . . . . 1 Electromagnetic 45 | . . . . . . 11 26 1 . . . . . . . . 3 . . 4 . . . Robot Hit Streak 26 | . . 5 . . 13 26 10 8 17 . . . . 13 16 16 22 16 17 7 . 1 2 Robot Miss Streak 21 | . . 2 . . . 7 3 6 5 . . . . 21 2 5 3 3 3 3 . . . Penetration Max 1 | . . . . . . . . . . . . . . 1 1 1 1 1 1 . . . . Secondary Targets 13 | . . . . . . . . . . . . . . 1 2 . 6 3 . 1 . . . Max Gunslinging Chain 1 | . . . . . . . . . . . . . . 1 1 . 1 1 . 1 . . . Autonomous 36 | . . . . . 4 21 . 11 . . . . . . . . . . . . . . . Shots Hit Robots 704 | . . 20 . . 8 26 28 13 51 . . 1 1 66 33 61 192 72 90 29 . 2 11 Core Hits 322 | . . 8 . . 5 31 6 15 16 . . . . 20 12 30 75 39 37 15 . . 13 Critical Kills 24 | . . . . . . . . . . . . . . 2 2 3 14 2 . 1 . . . Critical Parts Destroyed 47 | . . . . . . . . . . . . . 1 6 3 1 31 5 . . . . . Critical Strikes 91 | . . . . . . . 1 . . . . . 1 9 6 5 48 7 8 4 . . 2 Burn 2 | . . . . . . . . . . . . . . . . . . . . 2 . . . Destroy 72 | . . . . . . . . . . . . . . 5 6 5 48 7 . 1 . . . Blast 9 | . . . . . . . . . . . . . . . . . . . 8 1 . . . Corrupt 1 | . . . . . . . 1 . . . . . . . . . . . . . . . . Smash 5 | . . . . . . . . . . . . . 1 4 . . . . . . . . . Sever 2 | . . . . . . . . . . . . . . . . . . . . . . . 2 Melee Attacks 110 | . . . . . . . 14 3 15 . . 1 6 54 . . . . . . . 2 15 Impact 47 | . . . . . . . . . . . . . 6 41 . . . . . . . . . Slashing 17 | . . . . . . . . . . . . . . . . . . . . . . 2 15 Piercing . | . . . . . . . . . . . . . . . . . . . . . . . . Sneak Attacks 25 | . . . . . . . 2 1 5 . . . . 16 . . . . . . . . 1 Combat Hostiles 3 | . . . . . . . . 1 . . . . . 2 . . . . . . . . . Follow-up Attacks . | . . . . . . . . . . . . . . . . . . . . . . . . Damage Inflicted 20999 | . . 270 . . 167 1456 629 754 538 . . . 70 1994 923 1749 5509 2261 2486 945 . 75 1173 Guns 13788 | . . 254 . . 167 595 . 260 538 . . . . 482 923 1749 5158 2172 1238 223 . 29 . Cannons 2618 | . . . . . . 107 448 . . . . . . 335 . . . 41 1248 439 . . . Explosions 2777 | . . . . . . 754 181 494 . . . . . . . . 351 48 . 263 . . 686 Melee 1771 | . . . . . . . . . . . . . 70 1177 . . . . . . . 46 478 Ramming 25 | . . 16 . . . . . . . . . . . . . . . . . . . . 9 Kinetic 11667 | . . 122 . . 39 12 . . . . . . . 817 923 810 5158 1493 1891 402 . . . Thermal 4634 | . . 132 . . 128 595 181 260 538 . . . . . . 939 82 720 595 435 . 29 . Explosive 1934 | . . . . . . 754 . 494 . . . . . . . . . . . . . . 686 Electromagnetic 968 | . . . . . . 95 448 . . . . . . . . . 269 48 . 108 . . . Impact 1247 | . . . . . . . . . . . . . 70 1177 . . . . . . . . . Slashing 524 | . . . . . . . . . . . . . . . . . . . . . . 46 478 Piercing . | . . . . . . . . . . . . . . . . . . . . . . . . Highest Corruption 47 | . . . 2 2 . . . . 1 . . . . 4 18 18 47 18 20 30 . . 9 Average Corruption 14 | . . . 1 2 . . . . 1 . . . . 3 15 13 18 12 19 26 . . 5 Corruption Purged 18 | . . . . . . . . . . . . . . . . 18 . . . . . . . Corruption Blocked . | . . . . . . . . . . . . . . . . . . . . . . . . Effects 264 | . . . 1 4 . . . . 3 . . . . 22 21 25 52 19 77 34 . . 6 Message Errors 66 | . . . 1 . . . . . 2 . . . . 7 5 8 14 3 14 10 . . 2 Matter Fused 54 | . . . . 2 . . . . . . . . . 5 2 4 13 7 12 8 . . 1 Heat Flow Errors 36 | . . . . 1 . . . . 1 . . . . 3 4 3 6 . 14 4 . . . Energy Discharges 30 | . . . . 1 . . . . . . . . . 3 1 2 5 3 10 4 . . 1 Parts Rejected 4 | . . . . . . . . . . . . . . 1 . . 1 1 1 . . . . Parts Fused 1 | . . . . . . . . . . . . . . . . . . . 1 . . . . Data Loss (minor) 21 | . . . . . . . . . . . . . . 2 4 2 2 2 6 2 . . 1 Data Loss (major) 12 | . . . . . . . . . . . . . . . 1 . 3 1 6 . . . 1 Misfires 11 | . . . . . . . . . . . . . . 1 1 1 . . 7 1 . . . Alerts 8 | . . . . . . . . . . . . . . . 1 . 1 . 3 3 . . . Misdirections 2 | . . . . . . . . . . . . . . . . . 1 . . 1 . . . Weapon Failures 19 | . . . . . . . . . . . . . . . 2 5 6 2 3 1 . . . Overload Shots 4 | . . . . . . . . . 1 . . . . . . . . 3 . . . . . Overflow Damage 648 | . . . . . . 29 5 39 . . . . 70 376 . . 6 . 39 64 . . 20 Projectiles 88 | . . . . . . . 5 . . . . . . . . . . . 39 44 . . . Explosions 96 | . . . . . . 29 . 39 . . . . . . . . 6 . . 20 . . 2 Melee 464 | . . . . . . . . . . . . . 70 376 . . . . . . . . 18 Knockbacks 16 | . . . . . . . . . . . . . . 2 . . . . 10 4 . . . Impact 2 | . . . . . . . . . . . . . . 2 . . . . . . . . . Kinetic 14 | . . . . . . . . . . . . . . . . . . . 10 4 . . . Secondary . | . . . . . . . . . . . . . . . . . . . . . . . . Self-Inflicted Damage 332 | . . . . . . 39 . 147 . . . . . . . . . 33 . 49 . . 64 Shots 12 | . . . . . . 2 . 5 . . . . . . . . . 2 . 2 . . 1 Rammed 13 | . . 2 . . . . . . . . . . . . . . . . . . . . 11 Targets Rammed 13 | . . 2 . . . . . . . . . . . . . . . . . . . . 11 Kicked . | . . . . . . . . . . . . . . . . . . . . . . . . Crushed . | . . . . . . . . . . . . . . . . . . . . . . . . Highest Temperature 340 | . . . . 181 . 23 256 46 320 5 . 9 128 241 257 340 312 219 246 314 . 9 . Average Temperature 88 | . . . . 104 . 13 83 15 102 5 . 5 52 74 71 127 71 70 87 75 . 6 . Received Heat Transfer 2965 | . . . . . 9 54 81 63 234 . . 111 . 337 4 26 609 237 720 27 . 66 387 Effects 3 | . . . . . . . . . 2 . . . . . . 1 . . . . . . . Energy Bleed 1 | . . . . . . . . . 1 . . . . . . . . . . . . . . Interference 2 | . . . . . . . . . 1 . . . . . . 1 . . . . . . . Siege Activations 15 | . . . . . . . . . . . . . . . . 2 11 1 1 . . . . Total Turns 418 | . . . . . . . . . . . . . . . . 39 309 17 53 . . . . Longest Duration 69 | . . . . . . . . . . . . . . . . 25 69 17 53 . . . . Robots Corrupted 2 | . . . . . . . 2 . . . . . . . . . . . . . . . . Combat Hostiles 2 | . . . . . . . 2 . . . . . . . . . . . . . . . . Parts Fried 6 | . . . . . . . 2 . . . . . . 3 1 . . . . . . . . Impact Corruptions 12 | . . . . . . . . . . . . . 3 9 . . . . . . . . . Robots Melted 1 | . . . . . . . . . . . . . . . . . . . . 1 . . . Combat Hostiles 1 | . . . . . . . . . . . . . . . . . . . . 1 . . . Parts Melted 14 | . . 2 . . . 3 . 1 1 . . . . . . 3 . . 3 1 . . . Heat Transferred 6988 | . . 275 . . 173 740 150 333 1219 . . . . . . 1258 50 692 1184 877 . 37 . Parts Sabotaged 8 | . . . . . . . . . . . . . . 4 . . 4 . . . . . . Parts Stolen . | . . . . . . . . . . . . . . . . . . . . . . . . Parts Stripped . | . . . . . . . . . . . . . . . . . . . . . . . . Power Chain Reactions 5 | . . . . . . . 3 . . . . . . . . . 1 . . 1 . . . Alert | -11 -10 -10 -10 -9 -8 -8 -8 -8 -7 -6 -6 -6 -5 -5 -5 -5 -5 -4 -4 -4 -3 -3 -2 ------- Run | Yrd Mat Min Exi Min Mat Gar Mat Gar Fac Fac Was Fac Fac Ext Cet Arc Hub Fac Upp Upp Res DSF Res Peak Influence 1011 | . 6 70 . . 115 817 578 654 531 205 71 120 321 614 440 457 1011 553 . . 67 50 456 Initial 466 | . . 1 . . . 74 397 168 343 205 71 49 53 13 343 161 97 466 . . 67 50 8 Average 328 | . 5 13 . . 35 413 447 502 183 205 71 68 147 394 407 324 554 416 . . 67 26 170 Maximum Alert Level 3 | . . . . . . 3 2 2 2 1 . . 1 2 2 2 3 2 . . . . 2 Low Security (%) 33 | 100 100 100 . 100 100 33 . 4 56 . 100 100 70 6 . 4 23 . . . 100 100 68 Level 1 24 | . . . . . . 15 11 23 37 100 . . 29 40 17 67 12 38 . . . . 3 Level 2 32 | . . . . . . 29 88 71 5 . . . . 52 82 27 20 61 . . . . 28 Level 3 8 | . . . . . . 21 . . . . . . . . . . 43 . . . . . . Level 4 . | . . . . . . . . . . . . . . . . . . . . . . . . Level 5 . | . . . . . . . . . . . . . . . . . . . . . . . . High Security . | . . . . . . . . . . . . . . . . . . . . . . . . Max Security . | . . . . . . . . . . . . . . . . . . . . . . . . Squads Dispatched 48 | . . . . . . . 3 . 16 . . 1 3 4 . . 12 5 . 1 . . 3 Investigation 19 | . . . . . . . 1 . 5 . . 1 2 1 . . 5 2 . . . . 2 Extermination 6 | . . . . . . . . . 3 . . . . . . . 2 1 . . . . . Reinforcement 14 | . . . . . . . . . 7 . . . . 2 . . 3 2 . . . . . Assault 7 | . . . . . . . . . 1 . . . 1 1 . . 2 . . 1 . . 1 Garrison 2 | . . . . . . . 2 . . . . . . . . . . . . . . . . Intercept . | . . . . . . . . . . . . . . . . . . . . . . . . Searches Triggered . | . . . . . . . . . . . . . . . . . . . . . . . . Construction Impeded 1 | . . . . . . . . . 1 . . . . . . . . . . . . . . Haulers Reinforced 2 | . . . . . . . . . . . . . . . . . 1 1 . . . . . Active Scanning Responses . | . . . . . . . . . . . . . . . . . . . . . . . . Cargo Convoy Interrupts 1 | . . . . . . . . . 1 . . . . . . . . . . . . . . Stealth | -11 -10 -10 -10 -9 -8 -8 -8 -8 -7 -6 -6 -6 -5 -5 -5 -5 -5 -4 -4 -4 -3 -3 -2 --------- Run | Yrd Mat Min Exi Min Mat Gar Mat Gar Fac Fac Was Fac Fac Ext Cet Arc Hub Fac Upp Upp Res DSF Res Distress Signals 16 | . . . . . . . 1 . 2 . . . . 3 2 2 2 . . . . . 4 Communications Jammed . | . . . . . . . . . . . . . . . . . . . . . . . . Distress Signals . | . . . . . . . . . . . . . . . . . . . . . . . . Times Spotted 403 | . . 4 2 . 6 20 18 15 69 1 2 7 1 50 9 30 69 16 17 22 . 4 41 Peak Tracking Total 23 | . . 3 2 . 4 5 4 6 13 1 2 7 1 7 5 1 6 6 7 12 . 4 23 Tactical Retreats 35 | . . . . . 1 . . 1 11 . . . . 3 . . 12 1 1 2 . 1 2 Traps | -11 -10 -10 -10 -9 -8 -8 -8 -8 -7 -6 -6 -6 -5 -5 -5 -5 -5 -4 -4 -4 -3 -3 -2 ------- Run | Yrd Mat Min Exi Min Mat Gar Mat Gar Fac Fac Was Fac Fac Ext Cet Arc Hub Fac Upp Upp Res DSF Res Traps Triggered 21 | . . . . . . 7 . . 2 1 . 1 . 7 . . . 2 . . . . 1 Indirectly . | . . . . . . . . . . . . . . . . . . . . . . . . Trap Hack Attempts . | . . . . . . . . . . . . . . . . . . . . . . . . Triggered . | . . . . . . . . . . . . . . . . . . . . . . . . Disarmed . | . . . . . . . . . . . . . . . . . . . . . . . . Reprogrammed . | . . . . . . . . . . . . . . . . . . . . . . . . Reused 1 | . . . . . . . . . 1 . . . . . . . . . . . . . . Traps Reconfigurated 9 | . . . . . . . . . 9 . . . . . . . . . . . . . . Traps Extracted . | . . . . . . . . . . . . . . . . . . . . . . . . Installed . | . . . . . . . . . . . . . . . . . . . . . . . . Triggered 3 | . . . . . . 1 . . 1 . . . . . . . . . . 1 . . . Machines | -11 -10 -10 -10 -9 -8 -8 -8 -8 -7 -6 -6 -6 -5 -5 -5 -5 -5 -4 -4 -4 -3 -3 -2 ---------- Run | Yrd Mat Min Exi Min Mat Gar Mat Gar Fac Fac Was Fac Fac Ext Cet Arc Hub Fac Upp Upp Res DSF Res Machines Disabled 42 | . . . . . . 4 . 2 . . . . 1 7 . 4 18 4 1 . . . 1 Max in Single Turn 4 | . . . . . . 1 . 1 . . . . 1 1 . 1 2 4 1 . . . 1 Garrison Access 5 | . . . . . . . . . 2 . . . 1 . . . 1 . . . . . 1 Garrison Relay 6 | . . . . . . 4 . 2 . . . . . . . . . . . . . . . Network Hub 2 | . . . . . . . . . . . . . . . . . 2 . . . . . . Machines Repaired . | . . . . . . . . . . . . . . . . . . . . . . . . Machines Dismantled . | . . . . . . . . . . . . . . . . . . . . . . . . Machines Sabotaged 1 | . . . . . . . . . . . . . . . . . 1 . . . . . . Overloaded Fab Kills . | . . . . . . . . . . . . . . . . . . . . . . . . Hacking | -11 -10 -10 -10 -9 -8 -8 -8 -8 -7 -6 -6 -6 -5 -5 -5 -5 -5 -4 -4 -4 -3 -3 -2 --------- Run | Yrd Mat Min Exi Min Mat Gar Mat Gar Fac Fac Was Fac Fac Ext Cet Arc Hub Fac Upp Upp Res DSF Res Machines Accessed 75 | . 3 . 2 . 4 3 6 . 15 1 . 5 5 15 1 . 6 4 1 1 1 . 2 Terminals 52 | . 2 . . . 3 3 3 . 7 1 . 2 4 14 1 . 6 2 1 . 1 . 2 Fabricators 5 | . . . . . . . . . 4 . . . . . . . . 1 . . . . . Repair Stations 1 | . . . . . . . . . . . . 1 . . . . . . . . . . . Recycling Units 6 | . 1 . . . . . . . 2 . . 1 . 1 . . . 1 . . . . . Scanalyzers 3 | . . . . . . . 2 . . . . 1 . . . . . . . . . . . Garrison Access 5 | . . . . . 1 . 1 . 2 . . . 1 . . . . . . . . . . Total Hacks 200 | . 9 . 2 . 6 8 21 . 37 2 . 14 15 31 1 . 27 14 5 1 1 . 6 Successful 97 | . 5 . 2 . 2 3 13 . 21 . . 7 8 12 . . 11 5 5 1 1 . 1 Failed 103 | . 4 . . . 4 5 8 . 16 2 . 7 7 19 1 . 16 9 . . . . 5 Catastrophic 30 | . 1 . . . 1 3 . . 6 . . . 3 8 . . 4 2 . . . . 2 Database Lockouts . | . . . . . . . . . . . . . . . . . . . . . . . . Manual 96 | . 9 . 1 . 2 3 4 . 22 2 . 10 8 4 1 . 20 10 . . . . . Terminals 151 | . 6 . . . 5 8 13 . 19 2 . 6 12 30 1 . 27 10 5 . 1 . 6 Fabricators 14 | . . . . . . . . . 11 . . . . . . . . 3 . . . . . Repair Stations 3 | . . . . . . . . . . . . 3 . . . . . . . . . . . Recycling Units 13 | . 3 . . . . . . . 4 . . 4 . 1 . . . 1 . . . . . Scanalyzers 8 | . . . . . . . 7 . . . . 1 . . . . . . . . . . . Garrison Access 8 | . . . . . 1 . 1 . 3 . . . 3 . . . . . . . . . . Terminal Hacks 50 | . 2 . 2 . . 3 4 . 7 . . 1 5 10 . . 6 2 5 1 1 . 1 Record 6 | . . . 1 . . . . . . . . . . . . . . . 5 . . . . Part Schematic 2 | . . . . . . . . . . . . . . 1 . . 1 . . . . . . Robot Analysis 4 | . 1 . . . . . 2 . . . . . . 1 . . . . . . . . . Prototype ID Bank 6 | . . . . . . . 1 . 3 . . . 1 . . . 1 . . . . . . Open Door 9 | . . . . . . 1 . . . . . . 1 6 . . . . . 1 . . . Open DSF 1 | . . . . . . . . . . . . . . . . . . . . . 1 . . Branch Access Points 1 | . . . . . . . . . 1 . . . . . . . . . . . . . . Emergency Access Points 2 | . . . . . . 1 . . . . . . . . . . 1 . . . . . . Terminal Index 4 | . . . . . . . . . 1 . . 1 . 1 . . . . . . . . 1 Unreport Threat 9 | . 1 . . . . . 1 . 2 . . . 2 . . . 2 1 . . . . . Locate Traps 1 | . . . . . . . . . . . . . 1 . . . . . . . . . . Recall Investigation 2 | . . . . . . . . . . . . . . 1 . . . 1 . . . . . Zone Layout 1 | . . . . . . . . . . . . . . . . . 1 . . . . . . Patrol Navigation 1 | . . . . . . 1 . . . . . . . . . . . . . . . . . Derelict Proto ID Bank 1 | . . . 1 . . . . . . . . . . . . . . . . . . . . Fabricator Hacks 7 | . . . . . . . . . 5 . . . . . . . . 2 . . . . . Load Schematic 5 | . . . . . . . . . 4 . . . . . . . . 1 . . . . . Build 2 | . . . . . . . . . 1 . . . . . . . . 1 . . . . . Repair Station Hacks 2 | . . . . . . . . . . . . 2 . . . . . . . . . . . Scan Component 1 | . . . . . . . . . . . . 1 . . . . . . . . . . . Repair 1 | . . . . . . . . . . . . 1 . . . . . . . . . . . Recycling Unit Hacks . | . . . . . . . . . . . . . . . . . . . . . . . . Scanalyzer 7 | . . . . . . . 7 . . . . . . . . . . . . . . . . Insert Component 3 | . . . . . . . 3 . . . . . . . . . . . . . . . . Analyze 4 | . . . . . . . 4 . . . . . . . . . . . . . . . . Garrison Access Hacks 5 | . . . . . 1 . 1 . 2 . . . 1 . . . . . . . . . . Unlock Access 2 | . . . . . 1 . 1 . . . . . . . . . . . . . . . . Seal Access 1 | . . . . . . . . . 1 . . . . . . . . . . . . . . Coupler Status 2 | . . . . . . . . . 1 . . . 1 . . . . . . . . . . Unauthorized Hacks 26 | . 3 . . . 1 . 1 . 7 . . 4 2 2 . . 5 1 . . . . . Terminals 15 | . 1 . . . 1 . 1 . 2 . . 1 1 2 . . 5 1 . . . . . Assimilate 2 | . . . . . . . . . . . . . . 2 . . . . . . . . . Botnet 5 | . . . . . 1 . . . 1 . . 1 1 . . . . 1 . . . . . Disrupt 1 | . . . . . . . . . . . . . . . . . 1 . . . . . . Operators 3 | . 1 . . . . . 1 . 1 . . . . . . . . . . . . . . Sabotage 4 | . . . . . . . . . . . . . . . . . 4 . . . . . . Fabricators 2 | . . . . . . . . . 2 . . . . . . . . . . . . . . Recompile 2 | . . . . . . . . . 2 . . . . . . . . . . . . . . Repair Stations . | . . . . . . . . . . . . . . . . . . . . . . . . Recycling Units 7 | . 2 . . . . . . . 2 . . 3 . . . . . . . . . . . Reject 2 | . . . . . . . . . 1 . . 1 . . . . . . . . . . . Recyclers 2 | . 1 . . . . . . . . . . 1 . . . . . . . . . . . Mask 3 | . 1 . . . . . . . 1 . . 1 . . . . . . . . . . . Scanalyzers . | . . . . . . . . . . . . . . . . . . . . . . . . Garrison Access 2 | . . . . . . . . . 1 . . . 1 . . . . . . . . . . Eject 2 | . . . . . . . . . 1 . . . 1 . . . . . . . . . . Data Cores Recovered 2 | . . . . . 1 . . . . . . . . 1 . . . . . . . . . Used 1 | . . . . . . . . . . . . . . 1 . . . . . . . . . Hacking Detections 58 | . 3 . . . 4 3 5 . 12 1 . 5 4 11 1 . 2 4 1 . . . 2 Full Trace Events 10 | . . . . . . . 2 . 1 . . 1 1 1 . . 1 2 . . . . 1 Feedback Events 1 | . . . . . . . . . . . . . . 1 . . . . . . . . . Corruption 1 | . . . . . . . . . . . . . . 1 . . . . . . . . . Feedback Blocked . | . . . . . . . . . . . . . . . . . . . . . . . . Robot Schematics Acquired . | . . . . . . . . . . . . . . . . . . . . . . . . Robots Built . | . . . . . . . . . . . . . . . . . . . . . . . . Authchips . | . . . . . . . . . . . . . . . . . . . . . . . . Time . | . . . . . . . . . . . . . . . . . . . . . . . . Total Robot Build Rating . | . . . . . . . . . . . . . . . . . . . . . . . . Part Schematics Acquired 4 | . . . . . . . 2 . . . . . . 1 . . 1 . . . . . . Parts Built 2 | . . . . . . . . . 1 . . . . . . . . 1 . . . . . Authchips . | . . . . . . . . . . . . . . . . . . . . . . . . Time 89 | . . . . . . . . . 31 . . . . . . . . 58 . . . . . Total Part Build Rating 9 | . . . . . . . . . 2 . . . . . . . . 7 . . . . . Parts Repaired 1 | . . . . . . . . . . . . 1 . . . . . . . . . . . Time 86 | . . . . . . . . . . . . 86 . . . . . . . . . . . Parts Recycled . | . . . . . . . . . . . . . . . . . . . . . . . . Recycled Matter . | . . . . . . . . . . . . . . . . . . . . . . . . Retrieved Matter . | . . . . . . . . . . . . . . . . . . . . . . . . Retrieved Components . | . . . . . . . . . . . . . . . . . . . . . . . . Parts Scanalyzed 2 | . . . . . . . 2 . . . . . . . . . . . . . . . . Part Schematics Acquired 2 | . . . . . . . 2 . . . . . . . . . . . . . . . . Parts Damaged . | . . . . . . . . . . . . . . . . . . . . . . . . Bothacking | -11 -10 -10 -10 -9 -8 -8 -8 -8 -7 -6 -6 -6 -5 -5 -5 -5 -5 -4 -4 -4 -3 -3 -2 ------------ Run | Yrd Mat Min Exi Min Mat Gar Mat Gar Fac Fac Was Fac Fac Ext Cet Arc Hub Fac Upp Upp Res DSF Res Used RIF Installer 2 | . . . . . . 1 . 1 . . . . . . . . . . . . . . . Robot Detection 1 | . . . . . . . . 1 . . . . . . . . . . . . . . . Robots Hacked 35 | . . . . . . . 6 3 19 . . 1 . 2 . 1 3 . . . . . . Non-combat 16 | . . . . . . . . . 10 . . . . 2 . 1 3 . . . . . . Combat 19 | . . . . . . . 6 3 9 . . 1 . . . . . . . . . . . Robot Hacks Applied 42 | . . . . . . . 7 3 24 . . 1 . 2 . 1 4 . . . . . . parse_system 4 | . . . . . . . . . 1 . . 1 . 1 . 1 . . . . . . . map_walls 1 | . . . . . . . . . 1 . . . . . . . . . . . . . . drop_inventory 2 | . . . . . . . . . 1 . . . . . . . 1 . . . . . . find_station 1 | . . . . . . . . . 1 . . . . . . . . . . . . . . deconstruct_bot 1 | . . . . . . . . . 1 . . . . . . . . . . . . . . check_alert 1 | . . . . . . . . . . . . . . 1 . . . . . . . . . purge_threat 1 | . . . . . . . . . 1 . . . . . . . . . . . . . . block_reporting 1 | . . . . . . . . . 1 . . . . . . . . . . . . . . summon_haulers 1 | . . . . . . . . . 1 . . . . . . . . . . . . . . clear_recycling 2 | . . . . . . . . . 2 . . . . . . . . . . . . . . map_route 4 | . . . . . . . . . 3 . . . . . . . 1 . . . . . . link_fov 3 | . . . . . . . . . 1 . . . . . . . 2 . . . . . . disrupt_area 2 | . . . . . . . . 1 1 . . . . . . . . . . . . . . overload_power 1 | . . . . . . . . . 1 . . . . . . . . . . . . . . go_dormant 1 | . . . . . . . . 1 . . . . . . . . . . . . . . . overwrite_iff 9 | . . . . . . . 4 . 5 . . . . . . . . . . . . . . streamctrl_high 1 | . . . . . . . 1 . . . . . . . . . . . . . . . . formatsys_high 6 | . . . . . . . 2 1 3 . . . . . . . . . . . . . . Relay Couplers Released 35 | . . . . . . 16 . 8 4 . . . 3 . . . 3 . . . . . 1 Ejected 7 | . . . . . . . . . 4 . . . 3 . . . . . . . . . . Machine Destruction 28 | . . . . . . 16 . 8 . . . . . . . . 3 . . . . . 1 Attached 12 | . . . . . . . 3 3 5 . . . . . . . 1 . . . . . . Fabnet Peak Effective % . | . . . . . . . . . . . . . . . . . . . . . . . . Robots Rewired 14 | . . . . . . . . . . . . . . 14 . . . . . . . . . Allies Hacked . | . . . . . . . . . . . . . . . . . . . . . . . . Hacks Repelled . | . . . . . . . . . . . . . . . . . . . . . . . . Allies | -11 -10 -10 -10 -9 -8 -8 -8 -8 -7 -6 -6 -6 -5 -5 -5 -5 -5 -4 -4 -4 -3 -3 -2 -------- Run | Yrd Mat Min Exi Min Mat Gar Mat Gar Fac Fac Was Fac Fac Ext Cet Arc Hub Fac Upp Upp Res DSF Res Total Allies 48 | . . . . . . 2 6 1 8 . . . . 26 5 . . . . . . . . Largest Group 13 | . . . . . . 2 2 1 2 . . . . 13 8 7 6 . . . . . . Highest-Rated Group 669 | . . . . . . 45 30 16 64 . . . . 374 669 526 505 . . . . . . Highest-Rated Ally 159 | . . . . . . 25 16 16 32 . . . . 159 159 96 96 . . . . . . Total Orders 20 | . . . . . . . 2 . 1 . . . . 3 3 8 2 1 . . . . . STAY 11 | . . . . . . . 2 . 1 . . . . 2 1 4 1 . . . . . . ROAM 2 | . . . . . . . . . . . . . . . . 2 . . . . . . . FOLLOW 6 | . . . . . . . . . . . . . . 1 2 2 1 . . . . . . RETURN 1 | . . . . . . . . . . . . . . . . . . 1 . . . . . Ally Attacks 328 | . . . . . . 3 27 12 23 . . . . 160 42 10 51 . . . . . . Total Damage 9040 | . . . . . . 79 334 116 458 . . . . 3753 1545 362 2393 . . . . . . Kills 47 | . . . . . . . 2 2 5 . . . . 26 6 . 6 . . . . . . Allies Corrupted 2 | . . . . . . . . . . . . . . . . . 2 . . . . . . Allies Melted . | . . . . . . . . . . . . . . . . . . . . . . . . Intel | -11 -10 -10 -10 -9 -8 -8 -8 -8 -7 -6 -6 -6 -5 -5 -5 -5 -5 -4 -4 -4 -3 -3 -2 ------- Run | Yrd Mat Min Exi Min Mat Gar Mat Gar Fac Fac Was Fac Fac Ext Cet Arc Hub Fac Upp Upp Res DSF Res Robot Analysis Total 4 | . 1 . . . . . 2 . . . . . . 1 . . . . . . . . . Derelict Logs Recovered 6 | . . 2 . 1 . . . . . . . . . . . . . . 2 1 . . . Drone Launches 6 | . . . . . . . . . . . . . . . . . . 6 . . . . . Drone Recoveries 4 | . . . . . . . . . . . . . . . . . . 4 . . . . . Exploration | -11 -10 -10 -10 -9 -8 -8 -8 -8 -7 -6 -6 -6 -5 -5 -5 -5 -5 -4 -4 -4 -3 -3 -2 ------------- Run | Yrd Mat Min Exi Min Mat Gar Mat Gar Fac Fac Was Fac Fac Ext Cet Arc Hub Fac Upp Upp Res DSF Res Turns Passed 12253 | 73 201 600 475 169 254 482 445 271 1200 47 42 239 85 1393 583 740 1740 728 1523 688 29 48 198 Spaces Moved 9290 | 43 122 337 294 100 308 567 393 352 1533 98 86 602 332 1349 185 220 670 406 512 362 85 73 261 Core 323 | 19 . . . . . . . . . . . . . . . . . . 77 67 . . 160 Treads 2223 | 24 122 337 294 100 . . . . . . . . . 286 185 220 447 19 189 . . . . Legs 230 | . . . . . . . . . . . . . . . . . 154 . 76 . . . . Wheels 768 | . . . . . . . . . . . . . . . . . 69 387 170 142 . . . Hover 112 | . . . . . . . . . . . . . . . . . . . . 109 . . 3 Flight 5634 | . . . . . 308 567 393 352 1533 98 86 602 332 1063 . . . . . 44 85 73 98 Fastest Speed 5 | 50 160 160 160 160 50 50 50 50 5 18 18 18 13 5 162 161 115 98 120 32 32 27 29 Average Speed 84 | 134 160 160 160 160 50 50 50 50 31 18 18 18 13 51 182 162 163 107 245 158 32 29 46 Slowest Speed 900 | 160 160 160 160 160 50 50 50 50 740 18 18 29 13 400 330 163 400 160 900 280 32 35 230 Overloaded Moves 44 | . . . . . . . . . 33 . . . . 11 . . . . . . . . . Propulsion Burnouts . | . . . . . . . . . . . . . . . . . . . . . . . . Robots Hopped 73 | . . . . . 2 . 5 . 32 2 . 21 . 8 . . . . . . . . 3 Cave-ins Triggered . | . . . . . . . . . . . . . . . . . . . . . . . . Exploration Rate (%) 41 | 4 28 81 59 15 32 75 31 32 43 6 76 19 9 90 56 89 51 12 64 40 4 56 12 Regions Visited 23 Branch Regions 9 Pre-discovered Areas 1 | . . . 1 . . . . . . . . . . . . . . . . . . . . Known Exits Taken 6 | . . . . . 1 . 1 . . . . 1 1 . . . . . 1 . 1 . . Unknown Exits Taken 12 | 1 1 1 1 1 . . . . 1 . . . . 1 1 1 1 1 . 1 . . . Scrap Searched 8 | . . 1 . 1 . . . . . . . . . . . . . . 3 3 . . . Spaces Dug 33 | . . . . . . 11 . 4 1 . . . 1 4 . 2 2 6 . . . . 2 Terrain Destroyed 376 | . . . . . . 70 20 61 1 . . . 1 8 2 10 80 19 26 15 . . 63 Melee 7 | . . . . . . . . . . . . . 1 4 . . . . . . . . 2 Projectile 142 | . . . . . . . . . 1 . . . . 4 2 10 73 19 26 7 . . . AOE 225 | . . . . . . 70 20 61 . . . . . . . . 7 . . 6 . . 61 Terrain Rammed . | . . . . . . . . . . . . . . . . . . . . . . . . Walls Destroyed . | . . . . . . . . . . . . . . . . . . . . . . . . Machines Disabled . | . . . . . . . . . . . . . . . . . . . . . . . . Actions | -11 -10 -10 -10 -9 -8 -8 -8 -8 -7 -6 -6 -6 -5 -5 -5 -5 -5 -4 -4 -4 -3 -3 -2 --------- Run | Yrd Mat Min Exi Min Mat Gar Mat Gar Fac Fac Was Fac Fac Ext Cet Arc Hub Fac Upp Upp Res DSF Res Total 12594 | 58 128 368 301 109 406 747 610 436 2158 125 111 707 359 1894 398 500 1042 580 653 425 85 91 303 Wait 1855 | . 2 7 . 9 67 45 167 48 477 25 23 99 5 315 146 174 181 60 1 1 . . 3 Move 9136 | 42 121 336 293 99 304 566 383 351 1473 94 85 565 331 1333 184 219 669 405 511 361 84 72 255 Hop 61 | . . . . . 2 . 5 . 27 2 . 15 . 7 . . . . . . . . 3 Pick Up 191 | 12 . 5 3 1 10 14 4 8 29 2 1 5 7 23 13 4 10 14 19 5 . 1 1 Fast Attach 138 | . 1 . . . 2 5 1 . 16 . 1 3 2 21 6 9 17 16 11 8 1 9 9 Attach 86 | 4 2 . 1 . 3 6 1 4 17 2 . 3 3 13 . . 6 8 11 2 . . . Detach 20 | . . . 2 . 1 3 . 1 2 . . . . 7 1 . . 1 2 . . . . Swap 82 | . . 2 . . 4 . 4 5 12 . . 2 3 17 4 5 12 5 2 3 . 2 . Drop 183 | . 2 1 2 . 10 19 5 5 21 . 1 8 2 23 23 10 10 13 13 6 . 4 5 Fire 615 | . . 15 . . 3 28 26 10 62 . . . . 52 21 79 137 58 83 39 . 1 1 Melee 110 | . . . . . . . 14 3 15 . . 1 6 54 . . . . . . . 2 15 Ram . | . . . . . . . . . . . . . . . . . . . . . . . . Kick . | . . . . . . . . . . . . . . . . . . . . . . . . Crush 13 | . . 2 . . . . . . . . . . . . . . . . . . . . 11 Escape Stasis 102 | . . . . . . 61 . . 7 . . 6 . 28 . . . . . . . . . Rewire 2 | . . . . . . . . 1 . . . . . 1 . . . . . . . . . Trap . | . . . . . . . . . . . . . . . . . . . . . . . . Miscellaneous . | . . . . . . . . . . . . . . . . . . . . . . . . Route ------- -11/Scrapyard -10/Materials -10/Mines -10/Exiles -9/Mines -8/Materials -8/Garrison (discovered 3 exits: *Mat x3) -8/Materials (discovered 2 exits: [*Sto] / Gar) -8/Garrison -7/Factory (discovered 4 exits: *Fac x2 / *Low x2) -6/Factory -6/Waste -6/Factory (discovered 2 exits: *Fac / *Low) -5/Factory -5/Extension (discovered 2 exits: *Fac / *Cet) -5/Cetus (discovered 2 exits: *Fac / [*Arc]) -5/Archives (discovered 3 exits: *Fac / *Hub x2) -5/Hub_04(d) -4/Factory -4/Upper Caves -4/Upper Caves -3/Research -3/DSF -2/Research History --------- Turn | Location | Event 15 | -11/Scrapyard | Discovered new exit (range 16) 74 | -11/Scrapyard | Entered Materials 244 | -10/Materials | Discovered new exit (range 6) 275 | -10/Materials | Entered Mines 303 | -10/Mines | Learned Materials machine intel 316 | -10/Mines | Build established: Mutant 429 | -10/Mines | Murdered YI-UF0 429 | -10/Mines | Destroyed YI-UF0 434 | -10/Mines | Found Prototype Storage 439 | -10/Mines | Identified YI-UF0's Bottomless Matter Pit 510 | -10/Mines | Learned Materials stockpile data 868 | -10/Mines | Deemed a non-threat by the Exiles lab entrance 868 | -10/Mines | Discovered new exit (range 5) 875 | -10/Mines | Entered Exiles 912 | -10/Exiles | Met 8R-AWN 939 | -10/Exiles | Met EX-HEX 995 | -10/Exiles | Met EX-BIN 1013 | -10/Exiles | Aligned with FarCom system 1015 | -10/Exiles | Given EX-Vault access code 1053 | -10/Exiles | Opened EX-Vault 1065 | -10/Exiles | Found Flying Fortress v7 1103 | -10/Exiles | Warned to stay clear of 0b10 Research branches 1120 | -10/Exiles | Exiles lab attacked by MAIN.C 1194 | -10/Exiles | Found AWS/Thermal 1200 | -10/Exiles | Found Trap Reconfigurator 1275 | -10/Exiles | Core integrity fell below 50% 1288 | -10/Exiles | Learned location of Zion (-7) 1337 | -10/Exiles | Discovered new exit (range 10) 1350 | -10/Exiles | Stole three prototypes: AWS/Thermal, Flying Fortress v7, Trap Reconfigurator 1350 | -10/Exiles | Entered Mines 1357 | -9/Mines | Discovered new exit (range 8) 1377 | -9/Mines | Met a Derelict bent on vengeance 1485 | -9/Mines | Learned Materials security intel 1519 | -9/Mines | Entered Materials 1519 | -8/Materials | Evolved 4 slots: Propulsion x2, Utility x2 1522 | -8/Materials | Loaded intel: 53 machine locations 1773 | -8/Materials | Identified exit to Garrison 1773 | -8/Materials | Entered Garrison 1820 | -8/Garrison | Garrison Relay disabled 1881 | -8/Garrison | Triggered checkpoint 1934 | -8/Garrison | Garrison Relay disabled 1948 | -8/Garrison | Rescued a captive Derelict 1952 | -8/Garrison | Rescued a captive Derelict 1966 | -8/Garrison | Discovered new exit (range 13) 1993 | -8/Garrison | Triggered checkpoint 2022 | -8/Garrison | Discovered new exit (range 9) 2029 | -8/Garrison | Triggered checkpoint 2057 | -8/Garrison | Installed Relay Interface Framework 2080 | -8/Garrison | Garrison Relay disabled 2145 | -8/Garrison | Triggered checkpoint 2148 | -8/Garrison | Discovered new exit (range 10) 2148 | -8/Garrison | Triggered checkpoint 2159 | -8/Garrison | Triggered checkpoint 2200 | -8/Garrison | Garrison Relay disabled 2255 | -8/Garrison | Entered Materials 2321 | -8/Materials | Garrison activated, responded to threat 2337 | -8/Materials | Build established: Bothacker-Mutant 2499 | -8/Materials | Discovered new exit (range 5) 2627 | -8/Materials | Garrison activated, responded to threat 2700 | -8/Materials | Identified exit to Garrison 2700 | -8/Materials | Entered Garrison 2736 | -8/Garrison | Triggered checkpoint 2742 | -8/Garrison | Garrison Relay disabled 2776 | -8/Garrison | Triggered checkpoint 2776 | -8/Garrison | Triggered checkpoint 2856 | -8/Garrison | Triggered checkpoint 2883 | -8/Garrison | Expanded RIF knowledge: Robot Detection 2894 | -8/Garrison | Garrison Relay disabled 2929 | -8/Garrison | Discovered new exit (range 11) 2971 | -8/Garrison | Entered Factory 2971 | -7/Factory | Accompanied by 1 ally 2971 | -7/Factory | Evolved 2 slots: Propulsion x2 2973 | -7/Factory | FarCom data flow suspended 3013 | -7/Factory | Fabricated Med. Armor Plating (x1) 3685 | -7/Factory | Cargo convoy interrupted 3843 | -7/Factory | Discovered new exit (range 6) 3895 | -7/Factory | Lost 4 parts (1p1n1u1w) 4029 | -7/Factory | Core integrity fell below 50% 4046 | -7/Factory | Lost 3 parts (2p1n) 4072 | -7/Factory | Discovered new exit (range 13) 4088 | -7/Factory | Identified exit to Lower Caves 4168 | -7/Factory | Discovered new exit (range 11) 4171 | -7/Factory | Entered another Factory area 4171 | -6/Factory | Evolved 2 slots: Power x1, Propulsion x1 4218 | -6/Factory | Manually triggered Chute Trap 4218 | -6/Factory | Sucked down chute 4218 | -6/Factory | Entered Waste 4221 | -6/Waste | Spotted C-40 Crusher 4223 | -6/Waste | Spotted C-40 Crusher 4223 | -6/Waste | Spotted C-40 Crusher 4226 | -6/Waste | Spotted C-40 Crusher 4227 | -6/Waste | Spotted C-40 Crusher 4229 | -6/Waste | Spotted C-40 Crusher 4239 | -6/Waste | Discovered new exit (range 11) 4260 | -6/Waste | Entered Factory 4379 | -6/Factory | Repaired Broken Antimatter Reactor 4454 | -6/Factory | Discovered new exit (range 20) 4477 | -6/Factory | Discovered new exit (range 12) 4477 | -6/Factory | Identified exit to Lower Caves 4499 | -6/Factory | Identified exit to Factory 4499 | -6/Factory | Entered another Factory area 4499 | -5/Factory | Evolved 2 slots: Propulsion x2 4584 | -5/Factory | Discovered new exit (range 6) 4584 | -5/Factory | Identified exit to Extension 4584 | -5/Factory | Entered Extension 4588 | -5/Extension | Disrupted transfer network 4590 | -5/Extension | Build established: Sprinter 4610 | -5/Extension | Rescued a captive Derelict 4614 | -5/Extension | Rescued a captive Derelict 4658 | -5/Extension | Rescued a captive Derelict 4670 | -5/Extension | Rescued a captive Derelict 4671 | -5/Extension | Rescued a captive Derelict 4715 | -5/Extension | Spotted B-75 Beast 4902 | -5/Extension | P-70 Sage assimilated allied Administrator 6a 4958 | -5/Extension | Allies destroyed B-75 Beast 4965 | -5/Extension | Spotted B-75 Beast 4986 | -5/Extension | Lost 7 parts (2p3n1u1w) 5013 | -5/Extension | Allies destroyed B-75 Beast 5099 | -5/Extension | Lost 12 allies 5198 | -5/Extension | Rescued a captive Derelict 5239 | -5/Extension | Rescued a captive Derelict 5313 | -5/Extension | Lost 5 allies 5374 | -5/Extension | Rescued a captive Derelict 5374 | -5/Extension | Rescued a captive Derelict 5465 | -5/Extension | Rescued A7 5562 | -5/Extension | Build established: Scavenger-Mutant 5784 | -5/Extension | First assault squad dispatched 5794 | -5/Extension | Discovered new exit (range 13) 5794 | -5/Extension | Discovered new exit (range 9) 5977 | -5/Extension | Entered Cetus 5977 | -5/Cetus | Accompanied by 5 allies (A7) 5982 | -5/Cetus | Acquired a Cetus Manufacturing Module code from A7 5999 | -5/Cetus | Spotted Cetus Guard 5999 | -5/Cetus | Spotted Cetus Guard 6003 | -5/Cetus | Spotted Cetus Guard 6012 | -5/Cetus | Allies destroyed Cetus Guard 6014 | -5/Cetus | Spotted Cetus Guard 6015 | -5/Cetus | Allies destroyed Cetus Guard 6020 | -5/Cetus | Allies destroyed Cetus Guard 6028 | -5/Cetus | Allies destroyed Cetus Guard 6063 | -5/Cetus | System corruption reached 10% 6198 | -5/Cetus | Started Cetus Manufacturing Module 6223 | -5/Cetus | Manufactured an Enhanced Grunt 6226 | -5/Cetus | Discovered new exit (range 16) 6248 | -5/Cetus | Manufactured an Enhanced Grunt 6273 | -5/Cetus | Manufactured an Enhanced Grunt 6298 | -5/Cetus | Manufactured an Enhanced Grunt 6323 | -5/Cetus | Manufactured an Enhanced Grunt 6401 | -5/Cetus | Spotted Cetus Guard 6402 | -5/Cetus | Spotted Cetus Guard 6405 | -5/Cetus | Spotted Cetus Guard 6416 | -5/Cetus | Spotted Cetus Guard 6417 | -5/Cetus | Allies destroyed Cetus Guard 6421 | -5/Cetus | Destroyed Cetus Guard 6424 | -5/Cetus | Destroyed Cetus Guard 6436 | -5/Cetus | Destroyed Cetus Guard 6449 | -5/Cetus | Discovered new exit (range 16) 6460 | -5/Cetus | Met Revision 17 6560 | -5/Cetus | Entered Archives 6560 | -5/Archives | Accompanied by 8 allies (A7) 6995 | -5/Archives | Discovered new exit (range 13) 7028 | -5/Archives | Discovered new exit (range 16) 7051 | -5/Archives | Discovered new exit (range 15) 7300 | -5/Archives | Entered Hub_04(d) 7300 | -5/Hub_04(d) | Accompanied by 6 allies 7576 | -5/Hub_04(d) | Discovered new exit (range 5) 7831 | -5/Hub_04(d) | Network Hub disabled 8200 | -5/Hub_04(d) | First assault squad dispatched 8413 | -5/Hub_04(d) | Core integrity fell below 50% 8450 | -5/Hub_04(d) | Lost 4 parts (1p3n) 8459 | -5/Hub_04(d) | Network Hub disabled 8514 | -5/Hub_04(d) | Spotted Lightning 8518 | -5/Hub_04(d) | Spotted Lightning 8588 | -5/Hub_04(d) | Lost 4 parts (1p2n1w) 8837 | -5/Hub_04(d) | System corruption reached 30% 9040 | -5/Hub_04(d) | Entered Factory 9040 | -4/Factory | Evolved 2 slots: Utility x2 9332 | -4/Factory | System corruption reached 10% 9377 | -4/Factory | Lost 13 parts (2p5n3u3w) 9589 | -4/Factory | Fabricated Imp. Heavy Treads (x1) 9678 | -4/Factory | Discovered new exit (range 14) 9768 | -4/Factory | Entered Upper Caves 9848 | -4/Upper Caves | Learned 12 Research zone layouts 9899 | -4/Upper Caves | Attracted the attention of an 0b10 base 9980 | -4/Upper Caves | Lost 14 parts (2p6n4u2w) 9991 | -4/Upper Caves | Learned Extension trap positions 9991 | -4/Upper Caves | Learned Armory stockpile data 9991 | -4/Upper Caves | Learned Armory terminal intel 10192 | -4/Upper Caves | Build established: Mutant 10221 | -4/Upper Caves | Lost 4 parts (2n1u1w) 10298 | -4/Upper Caves | Core integrity fell below 50% 10346 | -4/Upper Caves | Lost 4 parts (1n3u) 11163 | -4/Upper Caves | Identified exit to Upper Caves 11291 | -4/Upper Caves | Entered another Upper Caves area 11291 | -4/Upper Caves | Discovered new exit (range 12) 11302 | -4/Upper Caves | Attracted the attention of an 0b10 checkpoint 11409 | -4/Upper Caves | Build established: Scavenger-Mutant 11592 | -4/Upper Caves | System corruption reached 30% 11619 | -4/Upper Caves | Lost 8 parts (1p2n3u2w) 11832 | -4/Upper Caves | Build established: Mutant 11869 | -4/Upper Caves | Learned Research trap positions 11918 | -4/Upper Caves | Attracted the attention of an 0b10 outpost 11925 | -4/Upper Caves | Released all parts (5) 11979 | -4/Upper Caves | Entered Research 11979 | -3/Research | Evolved 2 slots: Utility x2 11981 | -3/Research | Loaded intel: 63 trap records 12008 | -3/Research | Identified exit to DSF 12008 | -3/Research | Entered DSF 12030 | -3/DSF | Additional patrols routed to DSF 12047 | -3/DSF | Discovered new exit (range 16) 12056 | -3/DSF | Entered Research 12056 | -2/Research | Evolved 2 slots: Utility x2 12078 | -2/Research | Lost 5 parts (1p3n1u) 12119 | -2/Research | Spotted B-90 Cyclops 12139 | -2/Research | Core integrity fell below 50% 12152 | -2/Research | Core integrity fell below 20% 12169 | -2/Research | Lost 8 parts (2p4n2w) 12190 | -2/Research | Found Prototype Launcher 12190 | -2/Research | Identified Tactical Quantum Warhead 12254 | -2/Research | Destroyed by G-73 Enforcer with Phase Gun Last Messages --------------- 12218_ Slug penetrates Wall. 12218_ U-05 Engineer lays Concrete. 12218_ Penetrated by Slug. 12219_ Wall collapses. 12219_ Penetrated by Slug. 12219_ U-05 Engineer lays Concrete. 12221_ The unstable cave ceiling collapses. 12221_ Penetrated by Slug. 12221_ U-05 Engineer lays Concrete. 12221_ Penetrated by Slug. 12222_ Slug penetrates Y-72 Warden. 12222_ Penetrated by Slug. 12222_ U-05 Engineer lays Concrete. 12222_ P-80 Master resets H-88 Terminator, system corruption cleaned. 12223_ W-44 Eye sends out distress signal. 12223_ U-05 Engineer lays Concrete. 12230_ Slammed into G-73 Enforcer. 12241_ ESVZCCBZPATKGQP/NU>QOPXYBJPR EK/H 12242_ Slammed into G-73 Enforcer. Map ----- +----------------------------------------------------+ | ?????????????????????????????????????????# """ | | ?????????????????????????????????????????# | | ?????????????????????????????????????????# | | ?????????????????????????????????????????# "" " | | ?????????????????????????????????????????# """ " | | ?????????????????????????????????????????# """ | | ?????????????????????????????????????????# | | ?????????????????????????????????????????# | | ???????????????????????????????????######## | | ???????????????????????????????????# ?# | | ???????????????????????????????????# # | | ???????????????????????????????????# # | | ???????????????????????????????????# | | ???????????????????????????????????# # | | ???????????????????????????????????# [ # | | ???????????????????????????????????######## | | ?????????????????????????????????????????# | | ?????????????????????????????????????????## | | ????????????????????????###?????###########/## | | ????????????????????????k #?????# ] # | | ????????????????????????# #?????# # | | ????????????????????????#k#?????# # | | ????????????????????????# #?????# # | | ????????????????????????# #?????# # | | ????????????????????????#g#?????# %+[ | | ????????????????????????#@#?????# #* | | ????????????????????????#g#?????# # | | ????????????????????????#g#?????# # | | ????????????????????????#g####### # | | ????????????????????????#g# / # | | ????????????????????????# # # # | | ????????????????????????# g ##/###########??? | | ????????????????????????# # ## #?????????????? | | ????????????????????????# # ## #?????????????? | | ????????????????????????#g# ## #?????????????? | | ????????????????????????# # ## #?????????????? | | ????????????????????????# ######## #########?????? | | ???????????????????????## +?????? | | ???????????????????????+ #?????? | | ???????????????????????## +?????? | | ????????????????????????# #?????? | | ????????????????????????# ###+###########?????? | | ????????????????? ??????# # ??????????????? | | ?????????????#####+###### # ????????????? | | ???????????? # ??????????? | | ???????????? # ????????? | | ???????????? # #??????? | | ???????????? #####/########??????? | | ?????????????############ # ##?????????? | | ????????????????????????# # #?????????? | +----------------------------------------------------+ Best States ------------- Heat Dissipation 67 Energy Generation 45 Energy Capacity 600 Matter Stores 300 Matter Capacity 1800 Sight Range 23 Robot Scan Range 16 Terrain Scan Range 14 Terrain Scan Density 85 Power Amplification 30 Armor Coverage 1650 Resistance: KI 30 Weapon Shielding 66 Phase Shifting 5 Evasion (%) 68 Recoil Reduction 9 Salvage Targeting 3 Offensive Hacking 24 Relay Coupler Types 2 Relay Coupler Value 53 Authchip Count 2 Item Schematics ----------------- Med. Armor Plating | -8/Materials | Scanalyzed Imp. Flight Unit | -8/Materials | Scanalyzed Imp. Heavy Treads | -5/Extension | Hacked KE Penetrator | -5/Hub_04(d) | Hacked Robot Schematics ------------------ None Fabricated ------------ Med. Armor Plating | x1 | -7/Factory Imp. Heavy Treads | x1 | -4/Factory Alien Tech Used ----------------- None Achievements -------------- None Challenges ------------ None Game ------ Seed SapperConcussiveTerminator Manual? 0 Play Time 02:58:00 Cumulative 308.6 hours Start 2024.05.02 @ 02:34:26 End 2024.05.02 @ 07:59:09 Sessions 3 Manual Loads 0 Difficulty Rogue Special Mode None Game No. 225 Rogue 225 Adventurer 0 Explorer 0 Win Type - Total 12 Types 8/0/3/1/0/0/0/0/0 Lore% 79 Gallery% 85 Achievement% 72 Wizard Run 0 Options --------- Layout 2 ASCII 1 Keyboard 0 Movement Mouse Keybinds 0 Fullscreen 2 Font 24/Smallcaps Map View 50x44 Zoom Use 0% Tactical HUD 1 Map Filters NONE Filters NONE Steam 1 RUN: cc26f948-8401-4951-a4d5-593b250444e9